[Event "Italian-ch Juniors U20 2022"]
[Site "Cagliari"]
[Date "2022.11.17"]
[Round "1.1"]
[White "Cappelletto, Joshuaede"]
[Black "Hercegovac, Neven"]
[Result "0-1"]
[ECO "A33"]
[WhiteElo "2265"]
[BlackElo "2230"]
[Annotator "TA"]
[PlyCount "78"]
[EventDate "2022.11.17"]
[EventType "tourn"]
[EventCountry "ITA"]
[SourceTitle "playchess.com"]
[Source "ChessBase"]
[SourceQuality "1"]
[TimeControl "40/6000+30:20/3000:900+30"]

1. c4 {[%emt 0:00:27] Le Quang Liem} c5 2. Nf3 Nc6 3. d4 cxd4 4. Nxd4 Nf6 5. Nc3 e6 6. a3 Be7 7. e4 O-O {[%emt 0:00:11] A33: Symmetrical English: 2 Nf3 Nf6 3 d4 cxd4 4 Nxd4 e6 5 Nc3 Nc6.} 8. Nf3 b6 9. Be2 Bb7 {[%emt 0:01:01] The position is equal.} 10. O-O Rc8 11. Bf4 Na5 12. Nd2 d5 13. cxd5 exd5 14. e5 Ne4 15. Ncxe4 dxe4 16. b4 Bg5 17. Bxg5 Qxg5 18. h4 $1 (18. bxa5 $6 Rcd8 $11) 18... Qxh4 19. bxa5 {[%emt 0:00:10] Black must now prevent Nc4.} Rc6 {[%emt 0:00:30] [#]} 20. g3 $146 {[%emt 0:30:52][%mdl 8192] [#] White does not recover from this.} (20. Nxe4 $1 $16 {Threatens to win with Nd6.} Rh6 21. f3) ({Predecessor:} 20. Nxe4 Rh6 21. f3 Bxe4 22. fxe4 Rd8 23. Qb3 Qh2+ 24. Kf2 Qxe5 25. Rad1 Re8 26. axb6 Qxe4 27. Kg1 Qe7 28. Rxf7 Qc5+ 29. Rf2+ Kh8 30. Qb5 Qe3 31. Rd3 {1-0 (31) Le,Q (2647)-Bu,X (2673) Moscow 2010 CBM 135 [Le Quang Liem]}) 20... Rg6 $19 {[%emt 0:00:25] Strongly threatening ...Qh3.} 21. Kg2 {[%emt 0:12:35] Prevents Qh3+.} ({But not} 21. Qa4 $2 Qh3 22. Bh5 e3 $19) (21. a6 e3 22. Bf3 (22. axb7 $2 exf2+ 23. Rxf2 Qxg3+ 24. Kh1 Qxf2 $19)) 21... e3+ $1 {[%emt 0:10:40][%mdl 64] Discovered Attack} 22. Nf3 exf2 23. Kxf2 Qxg3+ 24. Ke3 Bxf3 25. Bxf3 Qxe5+ 26. Be4 Qc3+ (26... Re8 $142 27. Qd3 Rg4) 27. Ke2 Re6 28. Qd3 Qxd3+ 29. Kxd3 Rd8+ 30. Ke3 Rde8 ({Stronger than} 30... bxa5 31. Rac1 $15) 31. Rf4 f5 $1 {[%emt 0:00:08][%mdl 64] Deflection} ({And not} 31... bxa5 32. Kd4 $15) 32. Rxf5 Rxe4+ {[%emt 0:00:05][%mdl 4096] Endgame KRR-KRR} 33. Kd3 $2 (33. Kf3) 33... R4e5 {[%emt 0:07:07] Black is clearly winning.} 34. Rxe5 (34. Rf4 $142 Rxa5 35. Rh4) 34... Rxe5 35. axb6 axb6 {[%emt 0:00:06][%cal Ba7b6,Bb6b5][%mdl 32] KR-KR} 36. Rb1 b5 {[%emt 0:00:44] ...h5 is the strong threat.} 37. Kc3 h5 38. Kb4 h4 39. Ka5 h3 {[%emt 0:00:12] Weighted Error Value: White=0.95/Black=0.56} 0-1

[Event "Italian-ch Juniors U20 2022"]
[Site "Cagliari"]
[Date "2022.11.17"]
[Round "1.2"]
[White "Lumachi, Gabriele"]
[Black "Orfini, Nicolo`"]
[Result "1/2-1/2"]
[ECO "A30"]
[WhiteElo "2394"]
[BlackElo "2227"]
[Annotator "TA"]
[PlyCount "93"]
[EventDate "2022.11.17"]
[EventType "tourn"]
[EventCountry "ITA"]
[SourceTitle "playchess.com"]
[Source "ChessBase"]
[SourceQuality "1"]
[TimeControl "40/6000+30:20/3000:900+30"]

1. Nf3 c5 2. b3 Nf6 3. Bb2 e6 4. c4 b6 5. g3 Bb7 6. Bg2 Bc8 7. Bf1 Bb7 8. Bg2 Be7 9. O-O d6 10. d4 O-O 11. Nc3 Ne4 12. Qc2 {[%emt 0:10:46] A30: Symmetrical English: Double Fianchetto and Hedgehog.} Nxc3 13. Qxc3 Bf6 14. Qd2 {[%emt 0:08:21] White is slightly better.} Qe7 15. Rad1 Nd7 16. dxc5 Bxb2 17. c6 Bxc6 {[%emt 0:00:12] [#] Hoping for ...Ba3.} 18. Qxb2 {[%emt 0:00:12] [#]} Bxf3 $146 (18... Nf6 $11) ({Predecessor:} 18... Nf6 19. Nh4 Bxg2 20. Nxg2 {½-½ (18) Speelman,J (2511)-Werle,J (2552) London 2007}) 19. Bxf3 Rad8 20. Qa3 Ne5 21. Bg2 Qc7 22. Rd2 Rd7 23. h3 Rfd8 24. f4 Qc5+ 25. Qxc5 dxc5 26. Rxd7 Nxd7 $11 {[%emt 0:00:07][%mdl 4096] Endgame KRB-KRN} 27. g4 Nf8 28. e3 Rd3 29. Rf3 (29. Re1 $15) 29... Rd2 (29... Ng6 $17 {Strongly threatening ...Nh4.} 30. Rf1 Rxe3) 30. Rf2 {[%emt 0:00:31] The position is equal.} Rxf2 31. Kxf2 {[%emt 0:00:11] KB-KN} f6 32. h4 g6 33. h5 gxh5 34. gxh5 f5 35. e4 Kg7 36. e5 h6 37. a3 a5 38. Ke3 Nd7 39. Bc6 Nb8 40. Bb5 Kf7 41. Kd3 Ke7 42. Kc3 Kd8 43. b4 Kc7 44. bxc5 bxc5 45. Kb3 {[%emt 0:00:00] aiming for Ka4.} Nc6 46. Bxc6 Kxc6 47. a4 {[%emt 0:00:00] Weighted Error Value: White=0.08 (flawless) /Black=0.08 (flawless)} 1/2-1/2

[Event "Italian-ch Juniors U20 2022"]
[Site "Cagliari"]
[Date "2022.11.17"]
[Round "1.3"]
[White "Rindone, Andrea"]
[Black "Bin-Suhayl, Ieysaa"]
[Result "0-1"]
[ECO "A13"]
[WhiteElo "2104"]
[BlackElo "2230"]
[Annotator "TA"]
[PlyCount "93"]
[EventDate "2022.11.17"]
[EventType "tourn"]
[EventCountry "ITA"]
[SourceTitle "playchess.com"]
[Source "ChessBase"]
[SourceQuality "1"]
[TimeControl "40/6000+30:20/3000:900+30"]

1. Nf3 d5 2. c4 e6 3. b3 d4 4. e3 c5 5. exd4 cxd4 ({Don't do} 5... Nc6 6. dxc5 Bxc5 7. Bb2 $14) 6. g3 {[%emt 0:00:30] A13: English Opening: 1...e6.} Nc6 7. Bg2 Nf6 8. O-O {[%emt 0:00:30] The position is equal.} Be7 9. d3 O-O 10. Re1 Re8 {[%emt 0:00:30] The modern move.} 11. Ne5 Nxe5 12. Rxe5 Qc7 13. Re1 e5 {[%emt 0:00:30] [#]} 14. Nd2 $146 ({Predecessor:} 14. Ba3 Bxa3 15. Nxa3 Bd7 16. Qd2 Bc6 17. Re2 Re6 18. Rae1 Rae8 19. Nc2 b6 20. b4 {½-½ (81) Gjestemoen Vonhirsch,A (2236)-Mitusov,S (2369) Stavanger 2022}) 14... Bg4 15. Bf3 Bf5 16. Ne4 Bxe4 17. Bxe4 Bb4 18. Bd2 Bxd2 19. Qxd2 Nxe4 20. Rxe4 f5 21. Re2 Re6 22. Rae1 Rae8 23. f4 h6 24. fxe5 (24. Kf2 $14) 24... Rxe5 25. Qf4 Rxe2 26. Rxe2 Qxf4 27. Rxe8+ Kf7 28. gxf4 {[%emt 0:00:00] [#] Intending Rb8 and mate.} Kxe8 $11 {[%emt 0:00:01][%mdl 4096] Endgame KP-KP} 29. b4 Kd7 30. Kf2 a6 31. a4 Kc6 32. Kg3 a5 33. b5+ (33. bxa5 $11 Kc5 34. h4) 33... Kc5 $19 {[%emt 0:00:04] ( -> ...Kb4)} 34. h4 h5 {[%emt 0:00:56] Black mates.} ({Don't blunder} 34... Kb4 $2 35. h5 Kxa4 36. Kf3 $19) 35. Kf3 Kb4 36. Ke2 Kxa4 37. Kd2 Kb4 38. Kc2 b6 39. Kb2 a4 40. Ka2 a3 41. Kb1 {[%emt 0:11:36] [#]} g5 $1 42. hxg5 h4 43. g6 h3 44. g7 h2 45. g8=Q h1=Q+ 46. Kc2 Qh2+ 47. Kd1 {[%emt 0:00:00] Weighted Error Value: White=0.34/Black=0.04 (flawless)} 0-1

[Event "Italian-ch Juniors U20 2022"]
[Site "Cagliari"]
[Date "2022.11.17"]
[Round "1.4"]
[White "Bettalli, Francesco"]
[Black "Ballotti, Luca"]
[Result "1-0"]
[ECO "C11"]
[WhiteElo "2211"]
[BlackElo "2136"]
[Annotator "TA"]
[PlyCount "95"]
[EventDate "2022.11.17"]
[EventType "tourn"]
[EventCountry "ITA"]
[SourceTitle "playchess.com"]
[Source "ChessBase"]
[SourceQuality "1"]
[TimeControl "40/6000+30:20/3000:900+30"]

1. e4 e6 2. d4 d5 3. Nc3 Nf6 4. e5 Nfd7 5. Nce2 c5 6. c3 Nc6 7. f4 Qb6 8. Nf3 f6 9. Qb3 Be7 {[%emt 0:12:22] C11: French: Classical System: 4 e5 and 4 Bg5 dxe4.} 10. Be3 O-O 11. g3 fxe5 {[%emt 0:06:15] The position is equal.} 12. dxe5 {[%emt 0:00:47] [#]} Qc7 $146 ({Predecessor:} 12... Qxb3 13. axb3 Ndb8 14. Nc1 b6 15. h4 a5 16. Kf2 Na6 17. Bb5 Bb7 18. Rd1 Nc7 {½-½ (51) Windhausen,G (2547)-Schmid,P (2529) GER email 2017}) 13. h4 b5 14. Qc2 (14. Qxb5 Rb8 15. Qa4 (15. Qd3 Rxb2 16. Bh3 Kh8 $11) 15... d4 16. cxd4 Rxb2 $17) (14. Bh3 $5 ) 14... d4 15. cxd4 {[%emt 0:07:41] Strongly threatening Ng5.} (15. Ng5 {with more complications.} g6 16. Nxe6 Qb7 17. Nxf8 Nxf8 18. Bg2) 15... Nb4 $1 16. Qd2 ({White should play} 16. Qb1 $1 $14) 16... Bb7 $15 {[%emt 0:04:46][%mdl 1024] Black has compensation.} 17. Bg2 {[%emt 0:03:48] [#]} Nb6 (17... Nxe5 $1 $15 {was preferrable.} 18. fxe5 (18. dxe5 $2 {too greedy.} Rad8 $19) 18... Bxf3) 18. b3 $1 $11 N6d5 {[%emt 0:02:11] ...Nxe3 is the strong threat.} (18... c4 $5 ) 19. Bf2 c4 $132 {[%emt 0:03:11][%mdl 2048] Black puts up resistance} 20. O-O $1 c3 21. Qd1 a5 22. Ne1 (22. a3 $11 Na6 23. Qd3) 22... a4 23. bxa4 $1 Rxa4 {[%emt 0:01:37] Hoping for ...Ra3.} 24. a3 {[%emt 0:53:15] [#]} (24. Qb3 $1 $15) 24... Rfa8 (24... Qc4 $1 $17 {White must now prevent ...Rfa8.} 25. Nc1 (25. axb4 Rxa1) 25... c2) 25. Qb3 Qc4 ({Much less strong is} 25... c2 26. f5 $16) (25... g6 {seems wilder.} 26. h5 Kg7 27. hxg6 hxg6 28. Be4 Qc4) 26. Qxc4 bxc4 27. Nxc3 $1 Nxc3 28. Bxb7 Rxa3 29. Rxa3 Rxa3 30. Bc8 Kf7 31. f5 exf5 32. Bxf5 g6 33. Nc2 Nxc2 34. Bxc2 Ke6 35. h5 gxh5 (35... Ra2 $11 36. hxg6 hxg6 37. Bxg6 Ne2+ 38. Kg2 (38. Kh1 c3 $11) 38... Nxd4) 36. Bxh7 $16 Ne2+ (36... Ra8 $16) 37. Kg2 {[%emt 0:00:00] Threatens to win with Bg8+.} Ra8 {[%emt 0:04:48] Against Bg8+} (37... h4 $142) 38. Re1 $18 Nc3 39. Rc1 {[%emt 0:00:00] Inhibits h4.} Bb4 40. Rc2 Rc8 41. Bg6 h4 42. g4 {[%emt 0:00:00] And now Bf5+ would win.} Rh8 $2 (42... Rg8) 43. Be1 h3+ 44. Kh2 Nb5 45. Bxb4 Nxd4 46. Rf2 Rh6 47. Bf5+ Kd5 48. Rd2 {[%emt 0:00:00] Weighted Error Value: White=0.14 (very precise) /Black=0.55} 1-0

[Event "Italian-ch Juniors U20 2022"]
[Site "Cagliari"]
[Date "2022.11.18"]
[Round "2.1"]
[White "Hercegovac, Neven"]
[Black "Ballotti, Luca"]
[Result "1/2-1/2"]
[ECO "C07"]
[WhiteElo "2230"]
[BlackElo "2136"]
[Annotator "TA"]
[PlyCount "108"]
[EventDate "2022.11.17"]
[EventType "tourn"]
[EventCountry "ITA"]
[SourceTitle "playchess.com"]
[Source "ChessBase"]
[SourceQuality "1"]
[TimeControl "40/6000+30:20/3000:900+30"]

1. e4 e6 2. d4 d5 3. Nd2 c5 4. exd5 Qxd5 5. dxc5 Bxc5 6. Ngf3 Nf6 7. Bc4 Qd8 8. O-O {[%emt 0:00:48] C07: French Tarrasch: 3...c5, 4 Ngf3 and 4 exd5 Qxd5.} O-O 9. Qe2 Nc6 10. Ne4 {[%emt 0:02:59] White has an edge.} Nd4 11. Nxd4 Bxd4 12. c3 Nxe4 13. Qxe4 Bf6 14. Bd3 {[%emt 0:00:39][%csl Gd3][%cal Re4h7] [#]} g6 15. Bh6 Bg7 16. Bxg7 Kxg7 {[%emt 0:00:02] [#]} 17. h4 $146 ({Predecessor:} 17. Rae1 Qb6 18. Re3 Bd7 19. Qh4 Rae8 20. Rh3 h5 21. Qg5 Rh8 22. Qe5+ f6 23. Qe4 {0-1 (39) Charman,C-Uren,J Port Erin 1998}) 17... h5 ({Better is} 17... Qf6 $11) 18. Rad1 {[%emt 0:00:53] White is more active.} Qf6 19. Rfe1 Rb8 $1 20. Qe3 b6 21. Qg3 Bb7 22. Re5 Rbd8 23. Rxh5 Ba6 {[%emt 0:09:19] White must now prevent ...Bxd3.} 24. Rg5 Bxd3 25. Rxd3 Rxd3 26. Qxd3 $11 {[%emt 0:00:03][%mdl 4096] Endgame KQR-KQR} Rd8 27. Qe2 Qf4 28. Rg4 Qc1+ 29. Kh2 {[%emt 0:00:16] aiming for Qe5+.} Rd5 {[%emt 0:01:30] Prevents Qe5+.} 30. a3 Qd2 31. Re4 Qc1 32. Rc4 Qd2 33. Re4 Qc1 $1 34. Rb4 Kg8 35. Qe3 (35. a4 $16) 35... Qf1 (35... Qxe3 $11 36. fxe3 Rd3) 36. Rd4 Rxd4 $1 37. cxd4 $14 {[%emt 0:00:40] KQ-KQ} Qd1 38. g3 Qc2 {[%emt 0:02:30] [#]} 39. b4 (39. b3 $1 $16) 39... Qb2 40. Kg2 Qa1 41. g4 Qd1 42. Qe4 ({White should try} 42. f3 $1 $14) 42... Kg7 $11 {[%emt 0:00:00] The position is equal.} 43. Qe5+ Kg8 44. Qf4 Kg7 45. Qe4 Kg8 46. Qf4 Kg7 47. Qe5+ Kg8 48. f3 Qd2+ 49. Kg3 Qc1 50. h5 {[%emt 0:00:00] Strongly threatening hxg6.} g5 51. Kf2 {[%emt 0:00:00] And now Qe3 would win.} Qd2+ 52. Kf1 Qd1+ 53. Kf2 Qd2+ 54. Kf1 Qd1+ {[%emt 0:00:00] Weighted Error Value: White=0.12 (very precise) /Black=0.09 (flawless)} 1/2-1/2

[Event "Italian-ch Juniors U20 2022"]
[Site "Cagliari"]
[Date "2022.11.18"]
[Round "2.2"]
[White "Bin-Suhayl, Ieysaa"]
[Black "Bettalli, Francesco"]
[Result "0-1"]
[ECO "A88"]
[WhiteElo "2230"]
[BlackElo "2211"]
[Annotator "TA"]
[PlyCount "64"]
[EventDate "2022.11.17"]
[EventType "tourn"]
[EventCountry "ITA"]
[SourceTitle "playchess.com"]
[Source "ChessBase"]
[SourceQuality "1"]
[TimeControl "40/6000+30:20/3000:900+30"]

1. d4 f5 2. g3 Nf6 3. c4 g6 4. Bg2 Bg7 5. Nf3 d6 6. O-O O-O 7. Nc3 c6 8. b3 Qc7 9. Qc2 e5 10. dxe5 {[%emt 0:00:08] A88: Dutch Defence: Leningrad System: 5 Nf3 0-0 6 0-0 d6 7 Nc3 c6.} dxe5 11. e4 f4 12. Ba3 {[%emt 0:02:39] [#] White is slightly better.} fxg3 $146 ({Predecessor:} 12... Re8 13. Rad1 Bg4 14. Bd6 Qc8 15. gxf4 Nh5 16. Ne2 exf4 17. c5 h6 18. Nh4 g5 {1-0 (58) Harutyunian,T (2421)-Paravyan,D (2417) Kirishi 2014}) 13. fxg3 Re8 14. h3 Bxh3 $2 {[%emt 0:00:30][%mdl 8192] [#]} 15. Bb2 $2 (15. Bxh3 $18 Na6 16. Ng5) 15... Bc8 $17 16. Kh2 $2 (16. Nd1 $17) 16... Nbd7 (16... Ng4+ $142 17. Kg1 Ne3) 17. Rf2 $2 (17. Rae1) 17... Nc5 18. b4 (18. Kh1 $142) 18... Ne6 19. Rd1 Nh5 $2 {[%emt 0:04:37] [#]} (19... Nd4 20. Nxd4 Ng4+ 21. Kg1 exd4) 20. Ne2 $19 a5 21. a3 (21. b5 $17) 21... axb4 22. axb4 b6 {[%emt 0:09:26] And now ...Nf6 would win.} 23. g4 $2 (23. Kg1 $17 {keeps fighting.}) 23... Nhf4 24. Nxf4 Nxf4 (24... exf4 25. e5 $17) 25. Rfd2 Ne6 26. Kh1 c5 27. Qc3 Nd4 28. Qd3 Ra4 (28... cxb4 $2 {too greedy.} 29. Nxd4 exd4 30. e5 $19) 29. Nxd4 (29. bxc5 {might work better.} bxc5 30. g5) 29... exd4 30. bxc5 bxc5 (30... Bxg4 $2 31. cxb6 Qxb6 32. Rf1 $19) 31. Qc2 Qa7 32. e5 Be6 {[%emt 0:00:00] Weighted Error Value: White=0.85/Black=0.84} (32... Bxe5 $2 {loses.} 33. Bd5+ Kh8 34. Re1 Bxg4 35. Rf2 $19) (32... Rxe5 $2 {is the wrong capture.} 33. Re2 Bb7 34. Rxe5 Bxe5 35. Qe2 Bxg2+ 36. Kxg2 $19) 0-1

[Event "Italian-ch Juniors U20 2022"]
[Site "Cagliari"]
[Date "2022.11.18"]
[Round "2.3"]
[White "Orfini, Nicolo`"]
[Black "Rindone, Andrea"]
[Result "1/2-1/2"]
[ECO "C10"]
[WhiteElo "2227"]
[BlackElo "2104"]
[Annotator "TA"]
[PlyCount "140"]
[EventDate "2022.11.17"]
[EventType "tourn"]
[EventCountry "ITA"]
[SourceTitle "playchess.com"]
[Source "ChessBase"]
[SourceQuality "1"]
[TimeControl "40/6000+30:20/3000:900+30"]

1. e4 e6 2. d4 d5 3. Nc3 h6 4. exd5 exd5 5. Bd3 c5 6. dxc5 {[%emt 0:04:09] C10: French with 3 Nc3: Unusual Black 3rd moves and 3...dxe4.} Nc6 7. Bf4 ({Better is} 7. Na4 $16) 7... Bxc5 $11 8. Nb5 Bb6 {[%emt 0:13:58] Prevents Nc7+.} 9. Ne2 {[%emt 0:25:34] [#] Active counter play!} g5 $146 (9... Nf6 {looks sharper.} 10. Nd6+ Kf8 11. O-O Nh5) ({Predecessor:} 9... Nf6 10. Nd6+ Kf8 11. Nxc8 Rxc8 12. O-O g6 13. c3 Kg7 14. Qb3 Re8 15. Rad1 Nh5 {0-1 (28) Fernandez,F (2410)-Cordova,E (2602) Montcada 2016}) 10. Bg3 Nge7 (10... Nf6 $1 $14) 11. Qd2 f5 (11... O-O $16 {was called for.}) 12. O-O-O O-O (12... f4 {keeps fighting.}) 13. h4 $1 $18 f4 14. hxg5 fxg3 15. g6 $2 (15. gxh6 Kh8 16. fxg3 (16. Qg5 $2 Nf5 $17) 16... a6 $15) (15. Rxh6 $18 Nf5 16. Bxf5 (16. Rg6+ Ng7 $16) 16... Rxf5 17. f4) 15... Nf5 $11 16. Bxf5 {[%emt 0:10:02] The board is on fire.} Rxf5 17. Nxg3 Rg5 (17... Re5 $11) 18. Rxh6 $18 {[%emt 0:03:33] aiming for Rdh1.} Qf6 19. Nh5 $2 (19. Rdh1 $18 {[%cal Oh6h8] Threatening mate with Rh8+!} Rxg6 20. Rxg6+ Qxg6 21. Rh6) 19... Qxf2 $17 20. Qxf2 Bxf2 21. Nc7 {[%emt 0:09:44] [#]} (21. Kb1 $17) 21... Bg4 $1 22. Nf6+ Kg7 23. Rdh1 (23. Nxg4 $17 {was the only defense.} Rxg4 24. Rh3) 23... Kxf6 $19 24. Nxa8 Be3+ (24... Rxg6 25. Rxg6+ Kxg6 26. Nc7 $17) 25. Kb1 Bf5 $1 {[%emt 0:00:37][%mdl 1024] Black has strong compensation. A strong pair of Bishops.} (25... Rxg6 26. Rxg6+ Kxg6 27. Nc7 $17) 26. Rf1 (26. Nc7 $142 Bxg6 27. Re1) 26... Nd4 $2 (26... Rxg2 $19 {and Black stays clearly on top.} 27. Rh5 Bg5) 27. Rh3 $17 Bd2 (27... Kxg6 $6 28. Rxe3 Rxg2 29. Re8 Rxc2 30. Rg8+ Kh7 31. Rxf5 $11) (27... Nxc2 $17 28. Rxf5+ Kxf5 29. Kxc2 Rxg2+ 30. Kd3 Bf4) 28. Rd3 $14 Rxg2 {[%emt 0:02:22] Strongly threatening ...Ke5.} 29. Rxd4 {[%emt 0:00:00] And now Nc7 would win.} Ke5 {[%emt 0:00:25] [#]} 30. Rh4 {[%emt 0:02:52] [#]} (30. Rxf5+ $1 $14 Kxf5 31. c3) 30... Bg5 (30... Bxc2+ $1 $15 {feels stronger.} 31. Ka1 (31. Kxc2 Bg5+) 31... Bxg6) 31. Re1+ Kd6 32. Rh7 $1 Rxc2 33. Ka1 {[%emt 0:00:14][%cal Oa8c7] Black must now prevent Nc7!} Rc8 {[%emt 0:00:51][%mdl 8192] [#] Against Nc7} (33... Bd2 $11 34. Rf1 Bxg6 35. Rxb7 Bd3) 34. Rf7 $2 ({White must play} 34. Nc7 $1 $18 ) 34... Be6 {[%emt 0:00:30] [#]} (34... Bxg6 35. Rg7 Be4 36. Rxg5 $16) 35. Nc7 Bxf7 $17 36. Nb5+ Kc5 37. Nxa7 $2 (37. gxf7 $17 Kxb5 38. a4+ Kxa4 39. Re8 Rc1+ 40. Ka2) 37... Rf8 $2 (37... Re8 $19 38. b4+ Kxb4 39. Rb1+ Kc4) 38. Rf1 {[%emt 0:01:13] [#]} (38. gxf7 $17 Kb6 39. Rg1) 38... Bh6 $1 39. Rxf7 Rxf7 40. gxf7 $11 {[%emt 0:00:03][%mdl 4096] Endgame KB-KN} Bf8 41. a4 Kd6 42. Nb5+ Ke7 43. Kb1 Kxf7 44. Nc7 d4 45. Kc2 Kf6 46. Kd3 Ke5 47. Nb5 Bc5 (47... Kd5 $11) 48. Kc4 $1 $14 Bf8 49. Nxd4 Kd6 50. Kb5 Kd5 $2 (50... Kd7 $16) 51. Nc2 $2 (51. Ne2 $18 {White wants to mate with Nf4+.} Be7 52. Nc3+ (52. Kb6 Kc4 $11) 52... Kd4 53. a5 (53. Kb6 Kc4 $11)) 51... Bc5 $16 52. Na3 Bd4 53. Nc4 {[%emt 0:00:00] White threatens b4 and mate.} (53. b3 $5 Kd6 54. a5 $16) 53... Ke6 54. b4 {[%emt 0:00:00] Na5 would kill now.} Kd7 55. a5 Kc7 56. Nd2 Kb8 57. Ne4 Ka7 58. Nd6 Bc3 59. Nc8+ Kb8 {[%emt 0:00:00] [#]} 60. Ne7 (60. Nb6 $1 $16) 60... Ka7 (60... Be1 $1 $11 {keeps the balance.}) 61. Nd5 Be1 62. Kc5 ({White should try} 62. Ka4 $16) 62... Bf2+ (62... Ka6 $11 {remains equal.}) 63. Kb5 (63. Kc4 $16) 63... Bg1 (63... Be1 $1 $11) 64. Ne7 Bf2 65. Nc8+ Kb8 66. Nd6 Ka7 67. Nc4 Bg1 68. Na3 (68. Ka4 $16) 68... Bf2 $11 {[%emt 0:00:24] The position is equal.} 69. Kc4 b6 70. Nb5+ Ka6 {[%emt 0:01:12] What a fight!  Weighted Error Value: White=0.65/Black=0.65} 1/2-1/2

[Event "Italian-ch Juniors U20 2022"]
[Site "Cagliari"]
[Date "2022.11.18"]
[Round "2.4"]
[White "Cappelletto, Joshuaede"]
[Black "Lumachi, Gabriele"]
[Result "1/2-1/2"]
[ECO "B43"]
[WhiteElo "2265"]
[BlackElo "2394"]
[Annotator "TA"]
[PlyCount "51"]
[EventDate "2022.11.17"]
[EventType "tourn"]
[EventCountry "ITA"]
[SourceTitle "playchess.com"]
[Source "ChessBase"]
[SourceQuality "1"]
[TimeControl "40/6000+30:20/3000:900+30"]

1. e4 c5 2. Nf3 e6 3. Nc3 a6 4. d4 cxd4 5. Nxd4 b5 6. Bd3 Bb7 7. O-O Nc6 8. Nb3 {[%emt 0:01:01] B43: Sicilian: Kan Variation: 5 Nc3.} d6 9. Qe2 {[%emt 0:13:46] [#]} Ne5 $146 ({Predecessor:} 9... Be7 10. Bd2 Nf6 11. a4 b4 12. Na2 a5 13. c3 d5 14. exd5 Nxd5 15. c4 Nf6 {1-0 (54) Aldokhin,I (2413)-Langner,L (2374) Chess.com INT 2022}) 10. a3 {[%emt 0:22:20] The position is equal.} Nf6 11. Bg5 Be7 12. Rad1 Rc8 13. Kh1 Qc7 (13... Nxd3 $11 14. Rxd3 {[#]} Nxe4 $1 15. Nxe4 Bxe4 16. Qxe4 Bxg5) 14. Bxf6 $14 gxf6 15. f4 Nc4 (15... Nxd3 $14 16. Qxd3 Rg8) 16. Bxc4 $16 Qxc4 17. Qg4 Ba8 ({Black should try} 17... Qc7) 18. f5 Kd7 (18... e5 {keeps fighting.} 19. Qg7 Rf8 20. Qxh7 Qc7) 19. Rf2 (19. fxe6+ $18 {has better winning chances.} fxe6 20. Qh3) 19... Rhg8 (19... h5 $142 20. Qf3 e5) 20. Qh3 {[%emt 0:01:07] Threatens to win with Rd4. Really sharp!} e5 {[%emt 0:00:00] Inhibits Rd4.} (20... Bxe4 $2 21. fxe6+ fxe6 22. Na5 Bxg2+ 23. Rxg2 $18) 21. Qe3 ({Don't blunder} 21. Qxh7 $2 Rh8 22. Na5 (22. Qg7 $2 Rcg8 $19) 22... Rxh7 $19) 21... Rc7 22. h3 h5 (22... Ke8 $16 23. Qh6 b4 24. axb4 (24. Qxh7 Rxg2 25. Qh8+ Bf8 $11) 24... Qxb4) 23. Rfd2 Ke8 24. Qh6 ({Better is} 24. Re1) 24... b4 (24... Bxe4 $2 25. Na5 Rxg2 26. Rxg2 Bxg2+ 27. Kxg2 $18) 25. axb4 {[%emt 0:04:00] Hoping for Qh7.} Bxe4 26. Qxh5 {[%emt 0:02:13] Weighted Error Value: White=0.26 (precise) /Black=0.27 (precise)} (26. Qh7 $14 Rf8 27. Qxh5) 1/2-1/2

[Event "Italian-ch Juniors U20 2022"]
[Site "Cagliari"]
[Date "2022.11.19"]
[Round "3.1"]
[White "Lumachi, Gabriele"]
[Black "Hercegovac, Neven"]
[Result "1-0"]
[ECO "A35"]
[WhiteElo "2394"]
[BlackElo "2230"]
[Annotator "TA"]
[PlyCount "125"]
[EventDate "2022.11.17"]
[EventType "tourn"]
[EventCountry "ITA"]
[SourceTitle "playchess.com"]
[Source "ChessBase"]
[SourceQuality "1"]
[TimeControl "40/6000+30:20/3000:900+30"]

1. Nf3 c5 2. c4 Nc6 3. Nc3 g6 4. e3 Nf6 5. d4 cxd4 6. exd4 d5 7. cxd5 Nxd5 8. Qb3 Nxc3 9. Bc4 Nd5 10. Bxd5 e6 11. Bxc6+ bxc6 12. O-O Qd5 {[%emt 0:00:11] A35: Symmetrical English: 2 Nc3 Nc6 3 Nf3.} 13. Be3 f6 14. Rfc1 Bd6 {[%emt 0:10:48] White has an edge.} 15. Nd2 Bd7 16. Qc2 Kf7 17. Ne4 Be7 18. f3 {[%emt 0:04:44] [#]} g5 $146 ({Predecessor:} 18... Rhb8 19. Qf2 h5 20. Nc5 a5 21. b3 Bc8 22. Rc2 Qf5 23. Rac1 g5 24. Ne4 Bd7 {½-½ (41) Belov,I (2407)-Alekseev,E (2653) Sochi 2015}) 19. Nc5 Be8 20. Bf2 Kg7 21. Qe2 Bf7 22. b3 Rhd8 23. Rc2 Re8 24. Re1 Bd8 25. Na6 Rc8 26. Rec1 Qd6 {[%emt 0:00:28] Prevents Nb4.} 27. Qd2 Bg6 28. Bg3 Qd7 29. Nc5 Qd5 30. Rc4 e5 31. Qb4 Bb6 (31... a5 $11 {remains equal.} 32. Qb7+ Rc7) 32. dxe5 $16 fxe5 33. Kh1 h5 {[%emt 0:02:18] [#]} (33... h6 $142) 34. h4 $1 Bd8 {[%emt 0:01:40] [#]} (34... gxh4 $16 35. Bxh4 Qd6) 35. Qe1 $1 $18 Bf6 (35... Bc7 $142 36. hxg5 e4) 36. Rd1 Qf7 37. Rd7 Re7 38. hxg5 Bxg5 39. Qxe5+ (39. Bxe5+ $18 {is more deadly.} Kg8 40. Rxe7 Qxe7 41. Qg3) 39... Rxe5 $16 40. Bxe5+ Kg8 41. Rxf7 {[%emt 0:49:10] White has more active pieces.} Bxf7 {[%emt 0:49:45] A strong pair of Bishops.} 42. Ra4 Rd8 43. Bf4 Bf6 44. Rxa7 Rd4 (44... Rd1+ $16 {might work better.} 45. Kh2 Bd4) 45. Ne4 $18 Rd1+ 46. Kh2 Bd4 47. Ra8+ Kg7 48. Ra4 (48. Nd6 $18) 48... c5 (48... Kg6 $16 {was necessary.} 49. Kg3 Bd5) 49. Ra5 h4 50. Ra6 {[%emt 0:00:00] Against Be6} (50. Nxc5 $18 {Ne4 is the strong threat.} Kg6 51. Ne4) 50... Bg6 (50... Bd5 $16 51. Bg5 c4) 51. Ra7+ Kg8 52. Nd6 {[%emt 0:00:00] Prevents Bf5.} (52. Kh3 $18) 52... Bh5 53. Nf5 Bg1+ 54. Kh3 Bf2 55. g4 hxg3 56. Bxg3 Bd4 57. Nh6+ Kf8 58. Bd6+ Ke8 59. Re7+ Kd8 60. Nf7+ Kc8 $2 (60... Bxf7 61. Rxf7 Rd2) 61. Rc7+ Kb8 62. Rxc5+ Kb7 63. Rxh5 {[%emt 0:00:12] Weighted Error Value: White=0.15 (very precise) /Black=0.21 (precise)} 1-0